 Dungeon Crawl Stone Soup version 0.23.2-30-g0e89c35649 (webtiles) character file.

Game seed: 13630385632622156905

36477 konni the Tortoise (level 13, 0/125 HPs)
             Began as a Minotaur Berserker on June 13, 2019.
             Was a High Priest of Trog.
             Slain by a harpy (9 damage)
             ... on level 6 of the Lair of Beasts on June 14, 2019.
             The game lasted 01:56:04 (17871 turns).

konni the Tortoise (Minotaur Berserker)            Turns: 17871, Time: 01:56:05

Health: 0/125      AC: 15    Str: 26    XL:     13   Next: 53%
Magic:  12/12      EV: 13    Int:  4    God:    Trog [*****.]
Gold:   1261       SH:  0    Dex: 15    Spells: 11/12 levels left

rFire    + . .     SeeInvis +   B - +1 flail "Rarphio" {drain, *Slow rC+ Dex+4}
rCold    + + .     Gourm    .   (no shield)
rNeg     + . .     Faith    .   U - +0 scale mail "Zaconut" {rElec rC+ Slay+3 SInv}
rPois    .         Spirit   .   (helmet restricted)
rElec    +         Reflect  .   C - +2 cloak {MR+}
rCorr    .         Harm     .   p - +0 pair of gloves
MR       +....                  (no boots)
Stlth    ..........             (no amulet)
HPRegen  0.30/turn              z - ring of positive energy
MPRegen  0.13/turn              V - ring of protection from fire

@: berserk cooldown, mesmerised, starving, slowed, very slow
A: retaliatory headbutt, horns 2
a: Berserk, Trog's Hand, Brothers in Arms, Renounce Religion


You were on level 6 of the Lair of Beasts.
You worshipped Trog.
Trog was extremely pleased with you.
You were starving.

You visited 3 branches of the dungeon, and saw 15 of its levels.
You also visited: Ossuary, Bailey and Gauntlet.

You collected 1628 gold pieces.
You spent 367 gold pieces at shops.

Inventory:

Hand Weapons
 b - a +3 mace of holy wrath
 v - a +1 flail of protection
 B - the +1 flail "Rarphio" (weapon) {drain, *Slow rC+ Dex+4}
   (You found it in a Gauntlet)

   A truly terrible weapon, it drains the life of those it strikes.
   It affects your dexterity (+4).
   It protects you from cold.
   It may slow you when you take damage.
Armour
 p - a +0 pair of gloves (worn)
 C - a +2 cloak of magic resistance (worn)
 G - a +4 plate armour
 P - the +1 scale mail of Vooch {*Drain rElec rN+ Dex+4}
   (You found it on level 7 of the Dungeon)

   It affects your dexterity (+4).
   It insulates you from electricity.
   It protects you from negative energy.
   It causes draining when unequipped.
 U - the +0 scale mail "Zaconut" (worn) {rElec rC+ Slay+3 SInv}
   (You found it in a Gauntlet)

   It affects your accuracy and damage with ranged weapons and melee attacks
   (+3).
   It protects you from cold.
   It insulates you from electricity.
   It lets you see invisible.
 Z - a +0 crystal plate armour
Jewellery
 k - an uncursed ring of positive energy
 o - an uncursed ring of resist corrosion
 x - an uncursed ring of ice
 z - a ring of positive energy (left hand)
 M - an uncursed ring of flight
 V - a ring of protection from fire (right hand)
Wands
 a - a wand of iceblast (7)
 n - a wand of scattershot (3)
 y - a wand of digging (6)
 E - a wand of disintegration (38)
 H - a wand of clouds (2)
 I - a wand of polymorph (12)
Scrolls
 d - a scroll of brand weapon {unknown}
 e - 18 scrolls of remove curse
 f - 3 scrolls of enchant armour
 g - 6 scrolls of amnesia
 h - 8 scrolls of teleportation
 l - 2 scrolls of magic mapping {unknown}
 m - 2 scrolls of noise {unknown}
 r - 3 scrolls of random uselessness
 t - 3 scrolls of enchant weapon
 w - 3 scrolls of fear {unknown}
 J - a scroll of blinking {unknown}
 L - a scroll of summoning {unknown}
 R - 3 scrolls of fog
Potions
 i - a potion of degeneration {unknown}
 j - 2 potions of brilliance
 q - 4 potions of curing
 s - a potion of might
 u - a potion of magic
 A - 2 potions of agility
 D - 2 potions of invisibility
 F - 2 potions of berserk rage
 K - 2 potions of lignification
 O - 4 potions of haste
 W - a potion of resistance {unknown}
 X - a potion of flight {unknown}
Miscellaneous
 S - a phial of floods (inert)
Comestibles
 c - 23 rations


   Skills:
 + Level 14.4 Fighting
   Level 2.7(10.9) Axes
 - Level 15.7(15.8) Maces & Flails
 + Level 16.1 Armour
 + Level 5.0 Dodging


You had 11 spell levels left.
You knew the following spells:

 Your Spells              Type           Power        Failure   Level  Hunger
a - Corona                Hex            #......      69%         1    ##.....

Your spell library contained the following spells:

 Spells                   Type           Power        Failure   Level  Hunger
 Magic Dart               Conj           #...         69%         1    ##.....
 Ensorcelled Hibernation  Hex/Ice        #.....       83%         2    ###....
 Poisonous Vapours        Pois/Air       #.....       83%         2    ###....
 Searing Ray              Conj           #.....       83%         2    ###....
 Confuse                  Hex            #.......     96%         3    ####...
 Conjure Flame            Conj/Fire      #.......     96%         3    ####...
 Dazzling Spray           Conj/Hex       #.....       96%         3    ####...
 Mephitic Cloud           Conj/Pois/Air  #.......     96%         3    ####...
 Static Discharge         Conj/Air       #.......     96%         3    ####...
 Tukima's Dance           Hex            #.......     96%         3    ####...
 Force Lance              Conj/Tloc      #.......     100%        4    #####..
 Fulminant Prism          Conj/Hex       #.........   100%        4    #####..
 Iskenderun's Mystic Bla  Conj           #.......     100%        4    #####..
 Lightning Bolt           Conj/Air       #.........   100%        5    ######.
 Freezing Cloud           Conj/Ice/Air   #.........   100%        6    #######
 Ring of Flames           Chrm/Fire      #.........   100%        7    #######
 Ignition                 Fire           #.........   100%        8    #######
 Shatter                  Erth           #.........   100%        9    #######
 Tornado                  Air            #.........   100%        9    #######


Dungeon Overview and Level Annotations

Branches:
Dungeon (10/15)            Temple (1/1) D:7            Lair (6/6) D:10
  Slime (0/5) Lair:6          Orc (0/2) D:9
  Swamp: Lair:2-4    Shoals: Lair:2-4     Snake: Lair:2-4    Spider: Lair:2-4

Altars:
Ashenzari
Cheibriados
Dithmenos
Elyvilon
Fedhas
Gozag
Hepliaklqana
Kikubaaqudgha
Makhleb
Nemelex Xobeh
Okawaru
Qazlal
Ru
Sif Muna
Trog
Uskayaw
Vehumet
Wu Jian
Xom
Yredelemnul
Zin
The Shining One
Jiyva

Shops:
D:4 ?   D:8 *

Annotations:
Lair:2 2 transporters, harness's ghost, journeyman HaSk


Innate Abilities, Weirdness & Mutations

You reflexively headbutt those who attack you in melee.
You have a pair of horns on your head.


Message History

The polar bear bites you but does no damage.
The polar bear barely misses you.
The polar bear claws you but does no damage.
The elephant tramples you!
* * * LOW HITPOINT WARNING * * *
You stumble backwards!
Your surroundings suddenly seem different.
Splash!
You fall into the shallow water.
Moving in this stuff is going to be slow.
A polar bear comes into view.
The polar bear growls angrily.
The merfolk avatar shouts!
A harpy comes into view.
The harpy screeches!
You hear an angry hiss.
The harpy moves out of view.
Found a hand crossbow and 17 gold pieces.
The merfolk avatar chants a haunting song.
You are mesmerised by the merfolk avatar!
The harpy claws you!
You die...

#≈ #≈≈##P≈.#≈≈.#≈≈#
≈≈≈≈P≈≈≈≈≈≈≈≈≈..##
≈≈≈≈≈≈≈≈≈≈≈≈≈≈≈....
############.÷#.....
#.≈≈.≈##≈... ≈
#≈≈≈≈≈≈≈..<. ≈≈≈
#≈≈≈#≈≈≈≈...
P≈≈m#≈≈≈#≈##≈...
$≈≈≈≈≈H@.≈##≈...
)≈≈≈≈≈.h≈≈≈≈....
≈?≈≈≈≈≈8≈≈≈≈≈≈..Y
[/≈P≈≈≈≈≈#≈##≈..
≈≈≈≈≈#≈≈≈#≈# P.
P≈≈≈≈#≈≈S#≈≈ # ≈≈≈
#≈≈≈≈ ≈≈ ≈≈ #≈≈≈#
##. ####. ≈.


You could see a merfolk avatar, a polar bear, a harpy and a water moccasin.

Vanquished Creatures
  A death ooze (Gauntlet)
  A catoblepas (Lair:3)
  3 hydras
  Erica (D:8)
  A death yak (Lair:1)
  A soul eater (Gauntlet)
  Sonja (Lair:3)
  Nergalle (Lair:2)
  An unseen horror (D:10)
  A flayed ghost (D:9)
  2 harpies (Lair:6)
  9 elephants
  Joseph (D:9)
  Psyche (D:10)
  A black mamba (Lair:6)
  6 spiny frogs
  A minotaur zombie (Gauntlet)
  10 komodo dragons
  4 rime drakes
  2 hornets (Lair:6)
  2 trolls (D:9)
  Grinder (D:5)
  10 blink frogs
  A slime creature (D:7)
  3 hippogriffs
  2 centaur simulacra (Gauntlet)
  5 wraiths (D:9)
  3 basilisks
  2 fire bats (D:9)
  5 wyverns
  21 yaks
  Menkaure (D:6)
  2 harpy simulacra (Gauntlet)
  8 water moccasins
  Duvessa (D:7)
  3 porcupines
  3 ice beasts
  3 orc warriors
  2 sky beasts (D:9)
  3 ogres (D:5)
  A necrophage (D:6)
  3 phantoms
  3 centaurs
  14 crocodiles
  3 big kobolds (D:7)
  18 bullfrogs
  6 gnoll sergeants (Bailey)
  Dowan (D:7)
  5 scorpions
  2 howler monkeys
  2 electric eels (Lair:1)
  7 crimson imps
  A bullfrog zombie (D:9)
  A quasit (D:6)
  A centaur skeleton (D:4)
  13 jellies
  10 hounds
  Crazy Yiuf (D:4)
  4 orc priests
  5 bullfrog skeletons
  5 gnoll shamans
  8 iguanas
  8 orc wizards
  Ijyb (D:4)
  4 worker ants
  A killer bee zombie (D:6)
  8 mummies (Ossuary)
  2 hound skeletons
  2 worker ant zombies
  20 gnolls
  A howler monkey zombie (D:8)
  8 adders
  5 shadow imps
  7 oozes
  An adder skeleton (D:6)
  4 worms
  4 dart slugs
  8 leopard geckos
  19 orcs
  17 bats
  5 giant cockroaches
  5 goblins
  11 hobgoblins
  12 jackals
  13 kobolds
  5 quokkas
  2 frilled lizards
  3 hobgoblin zombies (Ossuary)
  3 kobold zombies (Ossuary)
  2 orc zombies (Ossuary)
  2 quokka skeletons
  10 rats
  7 plants
444 creatures vanquished.

Vanquished Creatures (collateral kills)
  A minotaur (Gauntlet)
  2 gnoll sergeants (Bailey)
  2 gnoll shamans (Bailey)
  4 gnolls (Bailey)
9 creatures vanquished.

Vanquished Creatures (others)
  An orc wizard (D:4)
  23 fungi
  29 plants
  8 toadstools (D:7)
  19 withered plants (Gauntlet)
80 creatures vanquished.

Grand Total: 533 creatures vanquished

Notes
Turn   | Place    | Note
-------+----------+-------------------------------------------
     0 | D:1      | konni the Minotaur Berserker began the quest for the Orb.
     0 | D:1      | Reached XP level 1. HP: 19/19 MP: 0/0
   201 | D:1      | Reached XP level 2. HP: 27/27 MP: 1/1
   797 | D:1      | Reached skill level 3 in Armour
   821 | D:1      | Reached XP level 3. HP: 33/33 MP: 2/2
  1367 | D:2      | Reached XP level 4. HP: 12/40 MP: 3/3
  1564 | D:2      | Reached ** piety under Trog
  2199 | D:3      | Reached XP level 5. HP: 47/47 MP: 4/4
  2314 | D:3      | Reached *** piety under Trog
  2858 | D:4      | Noticed Ijyb
  2872 | D:4      | Killed Ijyb
  2900 | D:4      | Reached skill level 4 in Armour
  2952 | D:4      | Found a runed translucent door.
  2953 | D:4      | Noticed Crazy Yiuf
  3035 | D:4      | Reached skill level 5 in Maces & Flails
  3040 | D:4      | Reached skill level 5 in Fighting
  3118 | D:4      | Noticed a phantom
  3151 | D:4      | Killed a phantom
  3151 | D:4      | Reached XP level 6. HP: 32/57 MP: 5/5
  3287 | D:4      | Found Omiveim's Magic Scroll Emporium.
  3292 | D:4      | Bought a scroll of identify for 28 gold pieces
  3292 | D:4      | Bought a scroll of identify for 28 gold pieces
  3292 | D:4      | Bought a scroll of enchant armour for 105 gold pieces
  3292 | D:4      | Bought a scroll of identify for 28 gold pieces
  3292 | D:4      | Bought a scroll of identify for 28 gold pieces
  3292 | D:4      | Bought a scroll of remove curse for 42 gold pieces
  3292 | D:4      | Bought a scroll of remove curse for 42 gold pieces
  3336 | D:4      | Found a shattered altar of Ashenzari.
  3596 | D:4      | Killed Crazy Yiuf
  3623 | D:5      | Entered Level 5 of the Dungeon
  3692 | D:5      | Noticed Grinder
  3692 | D:5      | Noticed an ice beast
  3719 | D:5      | Killed an ice beast
  3719 | D:5      | Reached skill level 5 in Armour
  3719 | D:5      | Reached XP level 7. HP: 50/64 MP: 6/6
  3749 | D:5      | Killed Grinder
  3749 | D:5      | Reached skill level 6 in Armour
  3749 | D:5      | Reached XP level 8. HP: 33/74 MP: 7/7
  4279 | D:5      | Reached **** piety under Trog
  4684 | D:6      | Got a faintly glowing hunting sling
  4765 | D:6      | Reached skill level 7 in Armour
  4979 | D:6      | Noticed Menkaure
  4988 | D:6      | Killed Menkaure
  4988 | D:6      | Reached skill level 10 in Fighting
  4988 | D:6      | Reached XP level 9. HP: 50/85 MP: 8/8
  5246 | D:6      | Reached skill level 1 in Axes
  5820 | D:7      | Reached skill level 8 in Armour
  5924 | D:7      | Noticed Duvessa
  5924 | D:7      | Noticed Dowan
  5931 | D:7      | Killed Duvessa
  5937 | D:7      | Reached ***** piety under Trog
  5953 | D:7      | Killed Dowan
  5953 | D:7      | Received a gift from Trog
  6142 | D:7      | Found a staircase to the Ecumenical Temple.
  6599 | D:7      | Reached skill level 9 in Armour
  6605 | D:7      | Reached XP level 10. HP: 90/97 MP: 9/9
  6679 | D:7      | Got a bloodstained scale mail
  6690 | D:7      | Identified the cursed +1 scale mail of Vooch {*Drain rElec
                  | rN+ Dex+4} (You found it on level 7 of the Dungeon)
  6742 | Temple   | Entered the Ecumenical Temple
  6957 | D:8      | Noticed Erica
  6966 | D:8      | Killed Erica
  7066 | D:8      | Was placed under penance by Trog
  7068 | D:8      | Learned a level 1 spell: Corona
  7123 | D:8      | Found Xiko's General Store.
  7131 | D:8      | Bought 2 potions of curing for 66 gold pieces
  7295 | D:8      | Found a sand-covered staircase.
  7316 | Ossuary  | Entered an ossuary
  7470 | Ossuary  | Paralysed by Trog for 4 turns
  7808 | D:9      | Found a staircase to the Orcish Mines.
  7818 | D:9      | Got a polished rapier
  7819 | D:9      | Identified the +0 rapier of the Ship {protect, rPois Int+7}
                  | (You found it on level 9 of the Dungeon)
  7913 | D:9      | Found a runed translucent door.
  7940 | D:9      | Found an ancient bone altar of Kikubaaqudgha.
  7947 | D:9      | Noticed a flayed ghost
  7962 | D:9      | Found a stormy altar of Qazlal.
  7972 | D:9      | Found a bloodstained altar of Trog.
  7981 | D:9      | Found a bloodstained altar of Trog.
  8056 | D:9      | Found a deep blue altar of Sif Muna.
  8057 | D:9      | Reached skill level 10 in Armour
  8074 | D:9      | Reached skill level 10 in Maces & Flails
  8083 | D:9      | Found a hide-covered altar of Uskayaw.
  8151 | D:9      | Noticed Joseph
  8157 | D:9      | Was forgiven by Trog
  8176 | D:9      | Killed Joseph
  8824 | D:9      | Received a gift from Trog
  9082 | D:9      | Killed a flayed ghost
  9082 | D:9      | Reached XP level 11. HP: 92/108 MP: 10/10
  9316 | D:10     | Entered Level 10 of the Dungeon
  9316 | D:10     | Noticed Psyche
  9333 | D:10     | Killed Psyche
  9485 | D:10     | Found a staircase to the Lair.
  9490 | D:10     | Killed an unseen horror
  9576 | D:10     | Reached skill level 11 in Armour
  9638 | D:10     | Found a flagged portal.
  9652 | Bailey   | Entered a bailey
 10560 | Bailey   | Got a faintly glowing falchion
 10947 | Lair:1   | Entered Level 1 of the Lair of Beasts
 10974 | Lair:1   | Noticed a four-headed hydra
 11004 | Lair:1   | Killed a four-headed hydra
 11004 | Lair:1   | Reached skill level 12 in Armour
 11758 | Lair:1   | Reached XP level 12. HP: 24/117 MP: 11/11
 12331 | Lair:1   | Noticed a death yak
 12341 | Lair:1   | Reached skill level 13 in Armour
 12342 | Lair:1   | Killed a death yak
 12396 | Lair:1   | Identified the +7 falchion of Mito {venom, *Corrode rPois
                  | Int+6} (You found it in a bailey)
 12848 | Lair:2   | Found a transporter.
 12853 | Lair:2   | Identified the +2 trident of Kibruwew {venom, rC+++ rN+++
                  | MR- Stlth-}
 12853 | Lair:2   | Noticed harness's ghost (journeyman HaSk)
 12855 | Lair:2   | Found a bloodstained altar of Trog.
 12908 | Lair:2   | Found a transporter.
 13012 | Lair:2   | Noticed Nergalle
 13012 | Lair:2   | Noticed a five-headed hydra
 13017 | Lair:2   | Killed a five-headed hydra
 13033 | Lair:2   | Killed Nergalle
 13500 | Lair:2   | Reached skill level 14 in Armour
 13661 | Lair:2   | Noticed a six-headed hydra
 13672 | Lair:2   | Killed a six-headed hydra
 14569 | Lair:3   | Noticed a catoblepas
 14749 | Lair:3   | Noticed Sonja
 14793 | Lair:3   | Killed Sonja
 14820 | Lair:3   | HP: 5/117 [poisoned by Sonja]
 14825 | Lair:3   | HP: 4/117 [poisoned by Sonja]
 14830 | Lair:3   | HP: 3/117 [poisoned by Sonja]
 14837 | Lair:3   | HP: 3/117 [poisoned by Sonja]
 14845 | Lair:3   | HP: 4/117 [poisoned by Sonja]
 15138 | Lair:3   | Reached skill level 15 in Maces & Flails
 15138 | Lair:3   | Reached skill level 15 in Armour
 15295 | Lair:3   | Reached XP level 13. HP: 55/124 MP: 12/12
 15711 | Lair:3   | You fall through a shaft for 3 floors!
 15711 | Lair:6   | Entered Level 6 of the Lair of Beasts
 15719 | Lair:6   | Found a staircase to the Slime Pits.
 15764 | Lair:6   | Found a viscous altar of Jiyva.
 15879 | Lair:6   | Found a gate leading to a gauntlet.
 16057 | Gauntlet | Entered a Gauntlet
 16057 | Gauntlet | Found a transporter.
 16065 | Gauntlet | Noticed a death ooze
 16068 | Gauntlet | Found a transporter.
 16068 | Gauntlet | Found a transporter.
 16070 | Gauntlet | Found a transporter.
 16091 | Gauntlet | Found a transporter.
 16102 | Gauntlet | Found a transporter.
 16110 | Gauntlet | Found a transporter.
 16139 | Gauntlet | Found a transporter.
 16147 | Gauntlet | Noticed a reaper
 16148 | Gauntlet | Found a transporter.
 16160 | Gauntlet | Found a transporter.
 16172 | Gauntlet | Found a transporter.
 16172 | Gauntlet | Noticed a death ooze
 16184 | Gauntlet | Found a transporter.
 16196 | Gauntlet | Found a transporter.
 16213 | Gauntlet | Found a transporter.
 16231 | Gauntlet | Found a transporter.
 16233 | Gauntlet | Found a transporter.
 16338 | Gauntlet | Found a transporter.
 16487 | Gauntlet | Found a transporter.
 16496 | Gauntlet | Killed a death ooze
 16519 | Gauntlet | Reached ****** piety under Trog
 16646 | Gauntlet | Noticed a minotaur
 16696 | Gauntlet | Killed a minotaur
 17142 | Gauntlet | Got a shimmering flail
 17142 | Gauntlet | Got a smoking scale mail
 17143 | Gauntlet | Identified the cursed +1 flail "Rarphio" {drain, *Slow rC+
                  | Dex+4} (You found it in a Gauntlet)
 17155 | Gauntlet | Identified the +0 scale mail "Zaconut" {rElec rC+ Slay+3
                  | SInv} (You found it in a Gauntlet)
 17662 | Lair:6   | Reached skill level 16 in Armour
 17700 | Lair:6   | HP: 5/125 [wind drake/the air (9)]
 17859 | Lair:6   | Reached skill level 5 in Dodging
 17871 | Lair:6   | Slain by a harpy

Skill      XL: |  1  2  3  4  5  6  7  8  9 10 11 12 13 |
---------------+----------------------------------------+-----
Fighting       | 4 5 6 8 10 12 13 14 | 14.4
Maces & Flails | 4 5 6 8 10 12 15 | 15.7
Armour         | 3 4 5 6 7 9 10 12 15 16 | 16.1
Dodging        | 3 5 |  5.0
Axes           | 2 |  2.7

Action                   |  1- 3 |  4- 6 |  7- 9 | 10-12 | 13-15 || total
-------------------------+-------+-------+-------+-------+-------++-------
Melee: Mace              |    68 |   182 |   147 |   465 |    86 ||   948
       Headbutt          |    12 |    37 |    68 |   235 |    60 ||   412
       Hand axe          |       |       |    60 |       |       ||    60
       Flail             |       |       |   113 |   307 |    77 ||   497
Invok: Berserk           |       |     1 |     3 |    13 |     4 ||    21
       Brothers in Arms  |       |       |       |     2 |     1 ||     3
Evoke: Wand              |       |     1 |       |       |     2 ||     3
       Phial of floods   |       |       |       |       |     1 ||     1
  Use: Scroll            |       |     8 |     2 |    11 |     6 ||    27
       Potion            |       |       |       |     2 |     7 ||     9
 Stab: Sleeping          |     1 |       |       |       |       ||     1
       Distracted        |       |       |       |     1 |       ||     1
  Eat: Chunk             |     1 |     9 |    12 |    29 |     3 ||    54
       Ration            |       |       |       |     4 |     2 ||     6
Armor: Animal skin       |     6 |       |       |       |       ||     6
       Robe              |     2 |       |       |       |       ||     2
       Leather armour    |       |    25 |       |       |       ||    25
       Scale mail        |       |    52 |   135 |   376 |    96 ||   659
       Plate armour      |       |       |    32 |     2 |       ||    34
Dodge: Dodged            |    48 |   128 |   153 |   459 |   106 ||   894
